| TOP OF THE 1ST |
|
Southern Maryland Blue Crabs batting - Pitching for Paris Cubs : RHP Man-keung Li
|
|
Pitching: RHP Man-keung Li
|
|
|
Batting: RHB Kevin Popowicz
|
0-0: Called Strike 0-1: Swinging Strike 0-2: Ball 1-2: Ball 2-2: Foul Ball, location: 2F 2-2: Reached on error, E5 (Groundball, 56S, EV 82.5 MPH)
|
|
Batting: LHB Pat Fontana
|
0-0: Ball 1-0: Ball Kevin Popowicz steals 2nd base (no throw) 2-0: SINGLE (Groundball, 13S, EV 65.6 MPH) (infield hit) Kevin Popowicz to third
|
|
Batting: RHB Jonathan Mendoza
|
0-0: Called Strike 0-1: Ball 1-1: Swinging Strike 1-2: Ball 2-2: Foul Ball, location: 2F 2-2: Ball 3-2: Foul Ball, location: 2F 3-2: Grounds into double play, 5-4-3 (Groundball, 5S, EV 86.2 MPH) Kevin Popowicz scores
|
|
Batting: SHB Carlos Carrillo
|
0-0: Called Strike 0-1: Ball 1-1: Foul Ball, location: 2F 1-2: Ball 2-2: Strikes out swinging, 2-3 out at first.
|
| Top of the 1st over - 1 run, 1 hit, 1 error, 0 left on base; Southern Maryland 1 - Paris 0 |
| BOTTOM OF THE 1ST |
|
Paris Cubs batting - Pitching for Southern Maryland Blue Crabs : RHP Olaf Barker
|
|
Pitching: RHP Olaf Barker
|
|
|
Batting: SHB Jim Lloyd
|
0-0: Called Strike 0-1: Ball 1-1: Fly out, F8 (Flyball, 8LD, EV 99.4 MPH)
|
|
Batting: RHB Dave de Wolff
|
0-0: Ball 1-0: Ball 2-0: Ball 3-0: Called Strike 3-1: Swinging Strike 3-2: Foul Ball, location: 2F 3-2: Base on Balls
|
|
Batting: RHB Jorge Lagunas
|
0-0: Fly out, F7 (Line Drive, 7S, EV 96.2 MPH)
|
|
Batting: RHB Bartolo Aguilar
|
0-0: Ball 1-0: Ball 2-0: Called Strike 2-1: Foul Ball, location: 2F 2-2: Strikes out swinging
|
| Bottom of the 1st over - 0 runs, 0 hits, 0 errors, 1 left on base; Southern Maryland 1 - Paris 0 |
| TOP OF THE 2ND |
|
Southern Maryland Blue Crabs batting - Pitching for Paris Cubs : RHP Man-keung Li
|
|
Batting: SHB Eric Kelley
|
0-0: Foul Ball, location: 2F 0-1: Foul Ball, location: 2F 0-2: Foul Ball, location: 2F 0-2: Ball 1-2: Ball 2-2: SINGLE (Line Drive, 9S, EV 106.2 MPH)
|
|
Batting: LHB Chris Cohen
|
0-0: Fly out, F4 (Popup, 4, EV 60.6 MPH)
|
|
Batting: RHB Ruben Domingues
|
0-0: Swinging Strike 0-1: Foul Ball, location: 2F 0-2: Foul Ball, location: 2F 0-2: Foul Ball, location: 2F 0-2: Fly out, F9 (Line Drive, 9, EV 93.1 MPH)
|
|
Batting: LHB Edwin Cabral
|
0-0: Ball Eric Kelley steals 2nd base (no throw) 1-0: Swinging Strike 1-1: Ground out 6-3 (Groundball, 6, EV 85.0 MPH)
|
| Top of the 2nd over - 0 runs, 1 hit, 0 errors, 1 left on base; Southern Maryland 1 - Paris 0 |
| BOTTOM OF THE 2ND |
|
Paris Cubs batting - Pitching for Southern Maryland Blue Crabs : RHP Olaf Barker
|
|
Batting: RHB Mike Stein
|
0-0: Ball 1-0: Foul Ball, location: 2F 1-1: Swinging Strike 1-2: Ball 2-2: Strikes out swinging
|
|
Batting: RHB Dan Orozco
|
0-0: Swinging Strike 0-1: Hit by Pitch
|
|
Batting: RHB Steve Vint
|
0-0: Bunt missed! 0-1: Bunted foul 0-2: Sac Bunt to 2L - play at first, batter OUT! 2-3 Dan Orozco to second
|
|
Batting: RHB Jorge Gonzalez
|
0-0: Ball 1-0: Ball 2-0: Ball 3-0: Called Strike 3-1: Swinging Strike 3-2: Strikes out swinging
|
| Bottom of the 2nd over - 0 runs, 0 hits, 0 errors, 1 left on base; Southern Maryland 1 - Paris 0 |
| TOP OF THE 3RD |
|
Southern Maryland Blue Crabs batting - Pitching for Paris Cubs : RHP Man-keung Li
|
|
Batting: LHB Ivan Alvarez
|
0-0: Swinging Strike 0-1: Foul Ball, location: 2F 0-2: Ball 1-2: Strikes out looking
|
|
Batting: RHB Kevin Popowicz
|
0-0: Ball 1-0: Foul Ball, location: 2F 1-1: Foul Ball, location: 2F 1-2: Ball 2-2: Ball 3-2: Fly out, F8 (Flyball, 8RD, EV 98.1 MPH)
|
|
Batting: LHB Pat Fontana
|
0-0: Called Strike 0-1: Ball 1-1: Called Strike 1-2: Ball 2-2: Strikes out swinging
|
| Top of the 3rd over - 0 runs, 0 hits, 0 errors, 0 left on base; Southern Maryland 1 - Paris 0 |
| BOTTOM OF THE 3RD |
|
Paris Cubs batting - Pitching for Southern Maryland Blue Crabs : RHP Olaf Barker
|
|
Batting: RHB Willie Rubio
|
0-0: Ball 1-0: Called Strike 1-1: Foul Ball, location: 2F 1-2: Ball 2-2: Ball 3-2: Foul Ball, location: 2F 3-2: Strikes out looking
|
|
Batting: SHB Jim Lloyd
|
0-0: Foul Ball, location: 2F 0-1: Ball 1-1: SOLO HOME RUN (Flyball, 9D, EV 98.1 MPH), Distance : 393 ft
|
|
Batting: RHB Dave de Wolff
|
0-0: Called Strike 0-1: Ball 1-1: Ball 2-1: Foul Ball, location: 2F 2-2: Strikes out swinging
|
|
Batting: RHB Jorge Lagunas
|
0-0: Called Strike 0-1: Called Strike 0-2: Ball 1-2: Foul Ball, location: 2F 1-2: Fly out, F9 (Flyball, 9LD, EV 97.5 MPH)
|
| Bottom of the 3rd over - 1 run, 1 hit, 0 errors, 0 left on base; Southern Maryland 1 - Paris 1 |
| TOP OF THE 4TH |
|
Southern Maryland Blue Crabs batting - Pitching for Paris Cubs : RHP Man-keung Li
|
|
Batting: RHB Jonathan Mendoza
|
0-0: Called Strike 0-1: Ball 1-1: Ball 2-1: Foul Ball, location: 2F 2-2: Foul Ball, location: 2F 2-2: Strikes out swinging
|
|
Batting: SHB Carlos Carrillo
|
0-0: Ground out 6-3 (Groundball, 6, EV 86.2 MPH)
|
|
Batting: SHB Eric Kelley
|
0-0: Ball 1-0: Ball 2-0: Called Strike 2-1: Swinging Strike 2-2: Ball 3-2: Fly out, F7 (Flyball, 7, EV 92.5 MPH)
|
| Top of the 4th over - 0 runs, 0 hits, 0 errors, 0 left on base; Southern Maryland 1 - Paris 1 |
| BOTTOM OF THE 4TH |
|
Paris Cubs batting - Pitching for Southern Maryland Blue Crabs : RHP Olaf Barker
|
|
Batting: RHB Bartolo Aguilar
|
0-0: Ball 1-0: Called Strike 1-1: Ball 2-1: Fly out, F8 (Flyball, 8RD, EV 93.1 MPH)
|
|
Batting: RHB Mike Stein
|
0-0: Called Strike 0-1: DOUBLE (Line Drive, 89D, EV 104.4 MPH)
|
|
Batting: RHB Dan Orozco
|
0-0: Called Strike 0-1: Called Strike 0-2: Strikes out swinging
|
|
Batting: RHB Steve Vint
|
0-0: Called Strike 0-1: Ground out 5-3 (Groundball, 56S, EV 69.4 MPH)
|
| Bottom of the 4th over - 0 runs, 1 hit, 0 errors, 1 left on base; Southern Maryland 1 - Paris 1 |
| TOP OF THE 5TH |
|
Southern Maryland Blue Crabs batting - Pitching for Paris Cubs : RHP Man-keung Li
|
|
Batting: LHB Chris Cohen
|
0-0: Ball 1-0: Called Strike 1-1: Called Strike 1-2: Strikes out swinging
|
|
Batting: RHB Ruben Domingues
|
0-0: Ball 1-0: Called Strike 1-1: Swinging Strike 1-2: Strikes out swinging
|
|
Batting: LHB Edwin Cabral
|
0-0: Called Strike 0-1: Ball 1-1: Ball 2-1: Ball 3-1: Base on Balls
|
|
Batting: LHB Ivan Alvarez
|
0-0: Ball Edwin Cabral steals 2nd base 1-0: Ball 2-0: Foul Ball, location: 2F 2-1: Swinging Strike Passed Ball! Edwin Cabral to third 2-2: Foul Ball, location: 2F 2-2: Foul Ball, location: 2F 2-2: Ball Wild Pitch! Edwin Cabral scores 3-2: Foul Ball, location: 2F 3-2: Strikes out swinging
|
| Top of the 5th over - 1 run, 0 hits, 0 errors, 0 left on base; Southern Maryland 2 - Paris 1 |
| BOTTOM OF THE 5TH |
|
Paris Cubs batting - Pitching for Southern Maryland Blue Crabs : RHP Olaf Barker
|
|
Batting: RHB Jorge Gonzalez
|
0-0: Called Strike 0-1: Foul Ball, location: 2F 0-2: Ball 1-2: Ball 2-2: Strikes out swinging
|
|
Batting: RHB Willie Rubio
|
0-0: Called Strike 0-1: Single, Error in OF, E7, batter to second base (Line Drive, 56D, EV 103.1 MPH)
|
|
Batting: SHB Jim Lloyd
|
0-0: Ball 1-0: Swinging Strike 1-1: Called Strike 1-2: Foul Ball, location: 2F 1-2: Strikes out swinging
|
|
Batting: RHB Dave de Wolff
|
0-0: Ball 1-0: Called Strike 1-1: Ball 2-1: Fly out, F7 (Flyball, 7S, EV 92.5 MPH)
|
| Bottom of the 5th over - 0 runs, 1 hit, 1 error, 1 left on base; Southern Maryland 2 - Paris 1 |
| TOP OF THE 6TH |
|
Southern Maryland Blue Crabs batting - Pitching for Paris Cubs : RHP Man-keung Li
|
|
Batting: RHB Kevin Popowicz
|
0-0: Fly out, F9 (Flyball, 9D, EV 85.0 MPH)
|
|
Batting: LHB Pat Fontana
|
0-0: Ball 1-0: Ball 2-0: Ball 3-0: Called Strike 3-1: Base on Balls
|
|
Batting: RHB Jonathan Mendoza
|
0-0: Ball Pat Fontana is caught stealing 2nd base 2-4 1-0: Ball 2-0: Ball 3-0: Called Strike 3-1: Called Strike 3-2: Base on Balls
|
|
Batting: SHB Carlos Carrillo
|
0-0: Ball 1-0: Ball 2-0: Ball 3-0: Called Strike 3-1: Base on Balls Jonathan Mendoza to second
|
|
Batting: SHB Eric Kelley
|
0-0: Ball 1-0: Foul Ball, location: 2F 1-1: Ball 2-1: Foul Ball, location: 2F 2-2: Strikes out swinging
|
| Top of the 6th over - 0 runs, 0 hits, 0 errors, 2 left on base; Southern Maryland 2 - Paris 1 |
| BOTTOM OF THE 6TH |
|
Paris Cubs batting - Pitching for Southern Maryland Blue Crabs : RHP Olaf Barker
|
|
Batting: RHB Jorge Lagunas
|
0-0: Called Strike 0-1: Ball 1-1: Called Strike 1-2: Strikes out looking
|
|
Batting: RHB Bartolo Aguilar
|
0-0: Ground out 3-1 (Groundball, 34, EV 88.8 MPH)
|
|
Batting: RHB Mike Stein
|
0-0: Foul Ball, location: 2F 0-1: Called Strike 0-2: Strikes out swinging
|
| Bottom of the 6th over - 0 runs, 0 hits, 0 errors, 0 left on base; Southern Maryland 2 - Paris 1 |
| TOP OF THE 7TH |
|
Southern Maryland Blue Crabs batting - Pitching for Paris Cubs : RHP Man-keung Li
|
|
Pitching: LHP Jerry Tyson
|
|
|
Batting: LHB Chris Cohen
|
0-0: SINGLE (Line Drive, 78S, EV 89.4 MPH)
|
|
Batting: RHB Ruben Domingues
|
0-0: Called Strike 0-1: SINGLE (Line Drive, 8RS, EV 101.9 MPH) Chris Cohen to second
|
|
Batting: LHB Edwin Cabral
|
0-0: Ball 1-0: Ball 2-0: Ball 3-0: Called Strike 3-1: Called Strike 3-2: Strikes out looking
|
|
Batting: LHB Ivan Alvarez
|
0-0: Ground out 6-3 (Groundball, 6S, EV 70.6 MPH) Chris Cohen to third Ruben Domingues to second
|
|
Batting: RHB Kevin Popowicz
|
0-0: DOUBLE (Line Drive, 5D, EV 104.4 MPH) Chris Cohen scores Ruben Domingues scores
|
|
Batting: LHB Pat Fontana
|
0-0: Ball 1-0: Called Strike 1-1: SINGLE (Line Drive, 7LS, EV 107.5 MPH) Kevin Popowicz to third Runner from 3rd tries for Home, SAFE, throw by LF to home
|
|
Batting: RHB Jonathan Mendoza
|
0-0: Ball 1-0: Foul Ball, location: 2F 1-1: Called Strike Pat Fontana is caught stealing 2nd base 2-4
|
| Top of the 7th over - 3 runs, 4 hits, 0 errors, 0 left on base; Southern Maryland 5 - Paris 1 |
| BOTTOM OF THE 7TH |
|
Paris Cubs batting - Pitching for Southern Maryland Blue Crabs : RHP Olaf Barker
|
|
Batting: RHB Dan Orozco
|
0-0: Foul Ball, location: 2F 0-1: Foul Ball, location: 2F 0-2: Ball 1-2: Strikes out swinging
|
|
Batting: RHB Steve Vint
|
0-0: Ball 1-0: Foul Ball, location: 2F 1-1: Fly out, F7 (Flyball, 78M, EV 95.6 MPH)
|
|
Batting: RHB Jorge Gonzalez
|
0-0: Called Strike 0-1: Ball 1-1: Foul Ball, location: 2F 1-2: Ball 2-2: Ball 3-2: Foul Ball, location: 2F 3-2: Fly out, F8 (Line Drive, 8RD, EV 95.6 MPH)
|
| Bottom of the 7th over - 0 runs, 0 hits, 0 errors, 0 left on base; Southern Maryland 5 - Paris 1 |
| TOP OF THE 8TH |
|
Southern Maryland Blue Crabs batting - Pitching for Paris Cubs : LHP Jerry Tyson
|
|
Pitching: RHP Brian Jarrett
|
|
|
Batting: RHB Jonathan Mendoza
|
0-0: Called Strike 0-1: Ball 1-1: Swinging Strike 1-2: Ball 2-2: Foul Ball, location: 2F 2-2: Ball 3-2: Strikes out swinging
|
|
Batting: SHB Carlos Carrillo
|
0-0: Foul Ball, location: 2F 0-1: Called Strike 0-2: Ball 1-2: Fly out, F8 (Flyball, 8LXD, EV 103.8 MPH)
|
|
Batting: SHB Eric Kelley
|
0-0: Called Strike 0-1: Ball 1-1: Fly out, F6 (Popup, P, EV 79.4 MPH)
|
| Top of the 8th over - 0 runs, 0 hits, 0 errors, 0 left on base; Southern Maryland 5 - Paris 1 |
| BOTTOM OF THE 8TH |
|
Paris Cubs batting - Pitching for Southern Maryland Blue Crabs : RHP Olaf Barker
|
|
Pitching: RHP Clifton Stannard
|
|
|
Batting: RHB Willie Rubio
|
0-0: Ground out 6-3 (Groundball, 6, EV 81.9 MPH)
|
|
Batting: SHB Jim Lloyd
|
0-0: Called Strike 0-1: Foul Ball, location: 2F 0-2: Strikes out swinging
|
|
Batting: RHB Dave de Wolff
|
0-0: SINGLE (Flyball, 56D, EV 83.8 MPH)
|
|
Batting: RHB Jorge Lagunas
|
0-0: Called Strike 0-1: Swinging Strike 0-2: Ball 1-2: Foul Ball, location: 2F 1-2: Ball 2-2: Ball 3-2: Strikes out swinging
|
| Bottom of the 8th over - 0 runs, 1 hit, 0 errors, 1 left on base; Southern Maryland 5 - Paris 1 |
| TOP OF THE 9TH |
|
Southern Maryland Blue Crabs batting - Pitching for Paris Cubs : RHP Brian Jarrett
|
|
Batting: LHB Chris Cohen
|
0-0: SINGLE (Groundball, 34D, EV 110.0 MPH)
|
|
Batting: RHB Ruben Domingues
|
0-0: Swinging Strike 0-1: Fly out, F8 (Flyball, 8RD, EV 95.0 MPH)
|
|
Batting: LHB Edwin Cabral
|
0-0: Swinging Strike 0-1: Swinging Strike 0-2: Foul Ball, location: 2F 0-2: Foul Ball, location: 2F 0-2: Strikes out looking
|
|
Batting: LHB Ivan Alvarez
|
0-0: Ball 1-0: SINGLE (Line Drive, 56, EV 101.2 MPH) Chris Cohen to second
|
|
Batting: RHB Kevin Popowicz
|
0-0: Called Strike 0-1: TRIPLE (Line Drive, 78XD, EV 110.0 MPH) Chris Cohen scores Ivan Alvarez scores
|
|
Batting: LHB Pat Fontana
|
0-0: SINGLE (Groundball, 34D, EV 101.2 MPH) Kevin Popowicz scores
|
|
Pinch Hitting: LHB Taylor Plummer
|
0-0: Ball 1-0: Foul Ball, location: 2F 1-1: Ball 2-1: Reached on error, E5 (Groundball, 56, EV 95.0 MPH) Pat Fontana to second
|
|
Batting: SHB Carlos Carrillo
|
0-0: Ball 1-0: Ball 2-0: Ball 3-0: Base on Balls Pat Fontana to third Taylor Plummer to second
|
|
Batting: SHB Eric Kelley
|
0-0: Called Strike 0-1: Ball 1-1: Ground out 4-3 (Groundball, 4, EV 83.1 MPH)
|
| Top of the 9th over - 3 runs, 4 hits, 1 error, 3 left on base; Southern Maryland 8 - Paris 1 |
| BOTTOM OF THE 9TH |
|
Paris Cubs batting - Pitching for Southern Maryland Blue Crabs : RHP Clifton Stannard
|
|
Now in RF: Taylor Plummer
|
|
|
Batting: RHB Bartolo Aguilar
|
0-0: Called Strike 0-1: Swinging Strike 0-2: Ball 1-2: Ball 2-2: Ball 3-2: Foul Ball, location: 2F 3-2: Foul Ball, location: 2F 3-2: Foul Ball, location: 2F 3-2: Strikes out looking
|
|
Batting: RHB Mike Stein
|
0-0: Ball 1-0: Foul Ball, location: 2F 1-1: Ball 2-1: Ball 3-1: Swinging Strike 3-2: Strikes out swinging
|
|
Batting: RHB Dan Orozco
|
0-0: Ball 1-0: Called Strike 1-1: Ball 2-1: Foul Ball, location: 2F 2-2: Ball 3-2: Base on Balls
|
|
Batting: RHB Steve Vint
|
0-0: Called Strike 0-1: Ball 1-1: Swinging Strike 1-2: Strikes out swinging
|
| Bottom of the 9th over - 0 runs, 0 hits, 0 errors, 1 left on base; Southern Maryland 8 - Paris 1 |
|